 Dungeon Crawl Stone Soup version 0.30-a0-359-gd0147acb1a (webtiles) character file.

Game seed: 415609977179196772

261268 Pooter the Executioner (level 19, -14/171 (177) HPs)
             Began as a Minotaur Berserker on Nov 11, 2022.
             Was a High Priest of Trog.
             Killed from afar by a crystal guardian (34 damage)
             ... with a crystal bolt
             ... in the Desolation of Salt on Nov 13, 2022.
             The game lasted 03:25:55 (47009 turns).

Pooter the Executioner (Minotaur Berserker)        Turns: 47009, Time: 03:25:56

HP:   -14/171 (177) AC: 38    Str: 26    XL:     19   Next: 19%
MP:   18/18         EV: 13    Int:  7    God:    Trog [*****.]
Gold: 3142          SH:  0    Dex: 14    Spells: 18/18 levels left

rFire   . . .      SeeInvis +    a - +6 executioner's axe (flame)
rCold   + . .      Faith    .    (shield currently unavailable)
rNeg    . . .      Spirit   .    O - +5 crystal plate armour {rC+}
rPois   .          Reflect  .    D - +1 hat {Stlth+}
rElec   .          Harm     .    B - +1 cloak
rCorr   .          Rampage  .    i - +0 pair of gloves
Will    +++..                    u - +0 pair of boots
Stlth   ..........               R - amulet "Boeth" {Acrobat Drain Int+3 Slay+2 Stlth+}
HPRegen 1.48/turn                G - ring of flight
MPRegen 0.16/turn                K - +4 ring of evasion

@: mighty, lethally poisoned (-14 -> -20), strong-willed, flying, regenerating,
studying Staves, lightly drained
A: horns 2, retaliatory headbutt, see invisible
}: 2/15 runes: decaying, gossamer
a: Renounce Religion, Berserk, Trog's Hand, Brothers in Arms


You were in the Desolation of Salt.
You worshipped Trog.
Trog was extremely pleased with you.
You visited 6 branches of the dungeon, and saw 31 of its levels.
You also visited: Ossuary, Bailey, Ice Cave and Desolation.

You collected 4750 gold pieces.
You spent 1608 gold pieces at shops.

Inventory:

Hand Weapons
 a - a +6 executioner's axe of flaming (weapon)
   (You acquired it on level 10 of the Dungeon)
 b - a +4 arbalest of flaming
   (You took it off a yaktaur on level 15 of the Dungeon)
Missiles
 A - 9 curare-tipped darts
 M - 24 boomerangs (quivered)
 T - 5 javelins
 W - 2 datura-tipped darts
Armour
 i - a +0 pair of gloves (worn)
   (You found it on level 3 of the Lair of Beasts)
 u - a +0 pair of boots (worn)
   (You found it on level 5 of the Dungeon)
 B - a +1 cloak (worn)
   (You took it off Crazy Yiuf on level 5 of the Dungeon)
 D - a +1 hat of stealth (worn)
   (You found it on level 4 of the Spider Nest)
 O - a +5 crystal plate armour of cold resistance (worn)
   (You found it in an ice cave)
Jewellery
 m - a ring of willpower
   (You found it on level 11 of the Dungeon)
 n - the amulet of the Prince {rC+ rN++ Regen+ Str+4 Stlth-}
   (You found it on level 5 of the Lair of Beasts)

   [amulet of regeneration]

   Str:       It affects your strength (+4).
   rC:        It protects you from cold.
   rN:        It greatly protects you from negative energy.
   Regen:     It increases your rate of health regeneration.
   Stlth:     It makes you less stealthy.
 q - a +4 ring of protection
   (You took it off Sigmund on level 2 of the Dungeon)
 F - a ring of protection from fire
   (You bought it in a shop on level 2 of the Orcish Mines)
 G - a ring of flight (left hand)
   (You found it on level 5 of the Dungeon)
 I - a ring of protection from cold
   (You took it off a reaper in an ice cave)
 K - a +4 ring of evasion (right hand)
   (You found it on level 15 of the Dungeon)
 N - a ring of positive energy
   (You found it on level 3 of the Swamp)
 P - a ring of poison resistance
   (You found it on level 6 of the Dungeon)
 R - the amulet "Boeth" (around neck) {Acrobat Drain Int+3 Slay+2 Stlth+}
   (You took it off a gnoll in a bailey)

   [amulet of the acrobat]

   It increases your evasion while moving and waiting.
   Int:       It affects your intelligence (+3).
   Slay:      It affects your accuracy & damage with ranged weapons and melee
   (+2).
   Drain:     It drains your maximum health when unequipped.
   Stlth:     It makes you more stealthy.
Wands
 d - a wand of iceblast (8)
   (You found it on level 5 of the Lair of Beasts)
 f - a wand of flame (27)
   (You took it off Crazy Yiuf on level 5 of the Dungeon)
 y - a wand of charming (19)
   (You bought it in a shop on level 2 of the Orcish Mines)
 C - a wand of polymorph (18)
   (You found it on level 6 of the Dungeon)
 E - a wand of mindburst (14)
   (You found it on level 7 of the Dungeon)
Scrolls
 c - 6 scrolls of fear
 h - a scroll of noise {!r}
 k - 9 scrolls of fog
 l - a scroll of torment {!r}
 t - 21 scrolls of teleportation {@r4}
 x - 3 scrolls of blinking
 J - 2 scrolls of vulnerability {!r}
 S - a scroll of immolation {!r}
 Y - 4 scrolls of magic mapping
 Z - 6 scrolls of poison {!r}
Potions
 e - 4 potions of flight
 g - 10 potions of heal wounds {@q2}
 j - 12 potions of curing {@q1}
 o - 6 potions of haste {@q3}
 s - 7 potions of ambrosia
 v - 4 potions of cancellation
 w - 4 potions of lignification {!q}
 z - 5 potions of might
 L - 5 potions of mutation {!q}
 V - 3 potions of resistance
 X - 5 potions of attraction {!q}
Miscellaneous
 p - a box of beasts
   (You bought it in a shop on level 2 of the Orcish Mines)
 H - a phial of floods
   (You found it on level 1 of the Lair of Beasts)
 Q - a tin of tremorstones (2/2)
   (You found it on level 13 of the Dungeon)
 U - a condenser vane
   (You found it on level 9 of the Dungeon)


   Skills:
 + Level 17.6 Fighting
 - Level 22.1 Axes
 - Level 18.0 Ranged Weapons
 + Level 7.4 Throwing
 * Level 18.1 Armour
 + Level 8.7 Dodging
 + Level 6.7 Stealth
 + Level 8.0 Evocations


You had 18 spell levels left.
You didn't know any spells.
Your spell library was empty.

Dungeon Overview and Level Annotations

Branches:
Dungeon (15/15)            Temple (0/1) D:7            Lair (5/5) D:10
  Swamp (4/4) Lair:3       Spider (4/4) Lair:2        Slime (0/5) Lair:4
    Orc (2/2) D:11            Elf (1/3) Orc:2        Vaults (0/5) D:13
 Depths (0/4) D:15        Ossuary (visited)          Bailey (visited)
  IceCv (visited)         Desolation (1/1)

Altars:
Ashenzari
Cheibriados
Dithmenos
Elyvilon
Makhleb
Nemelex Xobeh
Ru
Sif Muna
Trog
Uskayaw
Zin
Jiyva
Lugonu

Shops:
D:4 :   D:7 [   D:11 ?   Orc:2 (=(*[

Portals:
Abyss: D:4


Innate Abilities, Weirdness & Mutations

You have a pair of horns on your head.
You reflexively headbutt those who attack you in melee.
You have supernaturally acute eyesight. (SInv)


Message History

You feel very mighty all of a sudden. The peacekeeper barely misses you.
The peacekeeper claws you but does no damage.
The servant of whispers barely misses you.
The servant of whispers hits you but does no damage.
You feel much better. The peacekeeper closely misses you.
You furiously retaliate!
You headbutt the peacekeeper!
You destroy the peacekeeper!
Trog accepts your kill.
The servant of whispers hits you but does no damage. x2
The crystal guardian hits you! The saltling hits you!
* * * LOW HITPOINT WARNING * * *
Your Evocations skill increases to level 8!
You chop the crystal guardian into pieces!!!
You barely miss the saltling. You completely miss the saltling.
You slice the servant of whispers!! You burn the servant of whispers.
You kill the servant of whispers!
Trog accepts your kill. The saltling hits you!
* * * LOW HITPOINT WARNING * * *
The servant of whispers hits you from afar with a +0 spear of venom.
* * * LOW HITPOINT WARNING * * *
You are poisoned.
The crystal guardian barely misses you. The saltling barely misses you.
You furiously retaliate!
You headbutt the saltling!!
As you read the scroll of summoning, it crumbles to dust.
Wisps of shadow whirl around you...
Your ironbound convoker dissolves into shadows!
Your ragged hierophant dissolves into shadows!
You feel very sick. The saltling closely misses you.
The servant of whispers barely misses you.
The crystal guardian fires a crystalline bolt at you.
The crystal bolt freezes you! You resist.
* * * LOW HITPOINT WARNING * * *
The crystal bolt freezes your saltling!!!
Your saltling is destroyed!
Your saltling dissolves into shadows!
The saltling hits you!
* * * LOW HITPOINT WARNING * * *
The saltling hits you!!
* * * LOW HITPOINT WARNING * * *
Your ogre goes berserk!
You feel sick.
The saltling hits you but does no damage.
The servant of whispers hits you but does no damage.
You are more poisoned.
The crystal guardian fires a crystalline bolt at you.
The crystal bolt burns you!!
You die...

####################
########################
########################
########################
########################
..§§§§..........9.......
.§§§§...................
§§§§§.§##.....O9........
.§§§§§..§§.....L@9a.....
§§§§§§..§§.....999......
.§§§§§...####..####.....
§.§§.§.§§..)#..# ....
.§§§.§.....:#..# ...
§§)§.....####..# ..
§§§..)...# .9.. .
#§.......# .....
#........#


You could see a servant of whispers, a halazid warlock (ally target), a crystal
guardian (ally target), 2 saltlings, a friendly ogre (summoned, berserk) and 3
friendly saltlings.

Vanquished Creatures
  Arachne (Spider:2)
  Mlioglotl (Spider:2)
  A tentacled monstrosity (Swamp:1)
  Rupert (D:13)
  The ghost of logorrheac the Prince of Secrets, an adept GnWn of Ashenzari (Swamp:2)
  A tengu reaver (D:11)
  Kirke (D:14)
  A thorn hunter (Swamp:3)
  An azure jelly (Swamp:4)
  Donald (Spider:1)
  7 emperor scorpions
  A fire giant (D:11)
  An imperial myrmidon (Desolation)
  2 ghost moths
  An angel (Spider:3)
  A ghoul (Swamp:1)
  Aizul (Spider:1)
  3 orc warlords
  A reaper (IceCv)
  A stone giant (D:11)
  A broodmother (Spider:4)
  An eleionoma (Lair:3)
  Nessos (D:13)
  A halazid warlock (Desolation)
  3 dire elephants (Lair:5)
  A spark wasp (Spider:2)
  4 bunyips
  A crystal guardian (Desolation)
  2 ettins
  2 ragged hierophants (Desolation)
  2 shambling mangroves
  2 entropy weavers
  5 peacekeepers (Desolation)
  3 ice dragons (Swamp:4)
  8 centaur warriors
  15 hydras
  3 servants of whispers (Desolation)
  2 catoblepae (D:13)
  4 jorogumos
  3 radroaches
  21 alligators
  Erica (Lair:2)
  6 boulder beetles
  6 two-headed ogres
  4 orc high priests (Orc:2)
  A death yak (Lair:5)
  3 tengu warriors
  2 deep elf knights
  5 death scarabs (Spider:4)
  Urug (D:13)
  Nergalle (Orc:1)
  2 spectral death yaks (Lair:5)
  A spectral anaconda (Lair:5)
  11 pharaoh ants
  A deep troll (D:11)
  2 spriggan druids
  A flayed ghost (D:11)
  10 bog bodies
  6 goliath frogs
  2 wizards (D:14)
  9 steelbarb worms
  6 swamp dragons
  An ironbound convoker (Desolation)
  2 deep elf archers (Elf:1)
  12 orb spiders
  3 spectral wolf spiders (Spider:4)
  A spectral jorogumo (Spider:4)
  A lindwurm (Lair:4)
  An obsidian statue (Lair:5)
  A broodmother zombie (Spider:4)
  4 necromancers (Lair:5)
  6 orc knights
  29 wolf spiders
  4 orc sorcerers
  A deep elf zephyrmancer (Elf:1)
  21 ugly things
  7 deep elf pyromancers
  7 cyclopes
  6 manticores
  6 will-o-the-wisps
  4 moths of wrath
  23 elephants
  3 black mambas (Lair:3)
  2 ice statues (IceCv)
  3 torpor snails
  A guardian serpent (Desolation)
  2 gargoyles
  17 cane toads
  A kobold demonologist (D:13)
  2 dire elephant skeletons (Lair:5)
  3 spectral redbacks (Spider:4)
  3 rime drakes
  An efreet (D:13)
  2 yaktaurs
  3 tengu conjurers
  5 freezing wraiths
  9 demonic crawlers
  6 komodo dragons
  6 ice devils (IceCv)
  A queen bee (Lair:3)
  2 redback zombies (Spider:4)
  8 meliai
  A spectral tarantella (Spider:4)
  6 tyrant leeches
  2 bloated husks
  8 trolls
  2 polar bears
  A spectral culicivora (Spider:4)
  Prince Ribbit (D:7)
  17 blink frogs
  A culicivora zombie (Spider:4)
  9 hornets
  A spectral elephant (Lair:5)
  2 tarantella zombies (Spider:4)
  29 saltlings (Desolation)
  A slime creature (shapeshifter) (D:15)
  A spectral jumping spider (Spider:4)
  22 tarantellas
  A jumping spider zombie (Spider:4)
  13 slime creatures
  Sigmund (D:2)
  A vampire (D:10)
  33 jumping spiders
  3 spriggans
  17 culicivoras
  6 hogs (D:14)
  8 wyverns
  A shadow (D:12)
  A dire elephant simulacrum (IceCv)
  2 water elementals (Elf:1)
  A yak (shapeshifter) (D:11)
  A fire elemental (Elf:1)
  14 humans (D:13)
  43 yaks
  A steam dragon (Lair:3)
  2 wraiths
  3 fire bats (Lair:3)
  49 redbacks
  7 swamp worm simulacra (Swamp:4)
  7 vampire mosquitoes
  11 basilisks
  A harpy simulacrum (IceCv)
  Menkaure (D:5)
  3 death yak simulacra
  11 swamp worms
  3 wargs (Orc:2)
  2 spectral cane toads (Lair:5)
  4 acid dragons
  22 water moccasins
  16 hydra simulacra (Swamp:4)
  An elephant zombie (Lair:5)
  A sky beast (D:8)
  6 black bears
  37 orc warriors
  An ice beast (D:7)
  3 ogres
  4 wolves (Lair:2)
  7 centaurs
  A phantom (D:6)
  A kobold brigand (D:9)
  2 gnoll sergeants
  5 two-headed ogre simulacra (IceCv)
  A necrophage (Swamp:1)
  8 bullfrogs
  4 scorpions
  2 cane toad simulacra (IceCv)
  An elephant simulacrum (Lair:5)
  40 killer bees
  2 electric eels (Lair:3)
  A howler monkey (D:8)
  8 crimson imps (D:12)
  2 hounds (D:5)
  A jelly (D:7)
  26 orc priests
  Crazy Yiuf (D:5)
  3 gnoll boudas
  Jessica (D:2)
  7 iguanas
  Natasha (twice) (D:2)
  38 orc wizards
  15 hell rats
  2 polar bear simulacra (IceCv)
  A spriggan simulacrum (IceCv)
  3 troll simulacra (IceCv)
  8 mummies (Ossuary)
  Robin (D:2)
  33 gnolls
  3 adders
  A naga simulacrum (IceCv)
  11 river rats
  2 white imps
  3 ufetubi (IceCv)
  A swamp drake simulacrum (Swamp:4)
  4 worms
  A dart slug (D:4)
  90 orcs
  8 ball pythons
  4 bats
  8 endoplasms
  3 giant cockroaches
  25 hobgoblins
  3 jackals
  4 quokkas
  8 frilled lizards
  A gnoll zombie (Ossuary)
  31 goblins
  2 hobgoblin zombies (Ossuary)
  10 kobolds
  2 kobold zombies (Ossuary)
  3 orc zombies (Ossuary)
  6 rats
  A bush (Lair:2)
  A pillar of salt (Elf:1)
1324 creatures vanquished.

Vanquished Creatures (collateral kills)
  2 humans (D:13)
  A basilisk (D:11)
  2 gnolls
  2 orcs
  2 kobolds
  A rat (D:3)
10 creatures vanquished.

Vanquished Creatures (others)
  A wolf spider (Spider:1)
  A deep elf pyromancer (Elf:1)
  A tarantella (Spider:3)
  A swamp worm (Swamp:4)
  An orc wizard (Orc:2)
  13 foxfires
  51 fungi
  9 pillars of salt (Elf:1)
  83 plants
  21 withered plants
182 creatures vanquished.

Grand Total: 1516 creatures vanquished

Notes
Turn   | Place    | Note
-------+----------+-------------------------------------------
     0 | D:1      | Pooter the Minotaur Berserker began the quest for the Orb.
     0 | D:1      | Reached XP level 1. HP: 19/19 MP: 0/0
    58 | D:1      | Reached skill level 4 in Axes
    61 | D:1      | Reached XP level 2. HP: 13/27 MP: 1/1
   399 | D:1      | Reached ** piety under Trog
   494 | D:1      | Reached XP level 3. HP: 29/33 MP: 2/2
   822 | D:2      | Identified the +3 scale mail "Gojic" {Str+7}
   839 | D:2      | Noticed Natasha
   861 | D:2      | Noticed Jessica
   870 | D:2      | Killed Jessica
   871 | D:2      | Reached skill level 5 in Axes
  1009 | D:2      | Found a faded altar of an unknown god.
  1013 | D:2      | Reached XP level 4. HP: 40/41 MP: 3/3
  1019 | D:2      | Noticed Sigmund
  1049 | D:2      | Killed Sigmund
  1050 | D:2      | Reached skill level 5 in Fighting
  1050 | D:2      | Reached skill level 6 in Axes
  1050 | D:2      | Reached XP level 5. HP: 45/48 MP: 4/4
  1194 | D:2      | Noticed Robin
  1201 | D:2      | Killed Robin
  1356 | D:2      | Killed Natasha
  1357 | D:2      | Reached skill level 7 in Axes
  1357 | D:2      | Reached XP level 6. HP: 56/56 MP: 5/5
  1425 | D:2      | Noticed Natasha
  1472 | D:2      | Killed Natasha
  1560 | D:3      | Reached *** piety under Trog
  1911 | D:3      | Found a bloodstained altar of Trog.
  2272 | D:4      | Found a broken altar of Ashenzari.
  2356 | D:4      | Reached skill level 8 in Axes
  2393 | D:4      | Reached XP level 7. HP: 63/63 MP: 6/6
  2519 | D:4      | Found a one-way gate to the infinite horrors of the Abyss.
  2575 | D:4      | Found a large runed translucent door.
  2576 | D:4      | Found a large runed translucent door.
  2619 | D:4      | Found a burning altar of Makhleb.
  2653 | D:4      | Found Yrrizysch's Book Boutique.
  2668 | D:4      | Found a glowing silver altar of Zin.
  2914 | D:4      | Reached **** piety under Trog
  2990 | D:4      | Found a corrupted altar of Lugonu.
  3277 | D:5      | Entered Level 5 of the Dungeon
  3292 | D:5      | Noticed Menkaure
  3299 | D:5      | Killed Menkaure
  3300 | D:5      | Reached skill level 1 in Ranged Weapons
  3528 | D:5      | Reached skill level 9 in Axes
  3563 | D:5      | Found a hide-covered altar of Uskayaw.
  3613 | D:5      | Found a white marble altar of Elyvilon.
  3784 | D:5      | Reached XP level 8. HP: 73/73 MP: 7/7
  4220 | D:5      | Found a snail-covered altar of Cheibriados.
  4358 | D:5      | Found a runed translucent door.
  4359 | D:5      | Noticed Crazy Yiuf
  4401 | D:5      | Killed Crazy Yiuf
  4659 | D:6      | Noticed a troll
  4666 | D:6      | Killed a troll
  4726 | D:6      | Reached skill level 10 in Axes
  4836 | D:6      | Reached skill level 5 in Ranged Weapons
  5015 | D:6      | Identified the +5 falchion "Qipoytud" {antimagic, Drain
                  | +Blink Int+2}
  5235 | D:7      | Noticed Prince Ribbit
  5239 | D:7      | Killed Prince Ribbit
  5357 | D:7      | Reached XP level 9. HP: 81/81 MP: 8/8
  5444 | D:7      | Found a shimmering blue altar of Sif Muna.
  5454 | D:7      | Found a snail-covered altar of Cheibriados.
  5456 | D:7      | Found Cheibriados's Comfort Zone.
  5525 | D:7      | Reached skill level 11 in Axes
  5525 | D:7      | Found a staircase to the Ecumenical Temple.
  5569 | D:7      | Found a sand-covered staircase.
  5627 | Ossuary  | Entered an ossuary
  6317 | D:7      | Found a sparkling altar of Nemelex Xobeh.
  6561 | D:8      | Found a flagged portal.
  6568 | Bailey   | Entered a bailey
  6707 | Bailey   | Noticed an orc knight
  6718 | Bailey   | Reached skill level 12 in Axes
  6719 | Bailey   | Killed an orc knight
  6720 | Bailey   | Reached XP level 10. HP: 91/91 MP: 9/9
  7001 | Bailey   | Noticed an orc warlord
  7039 | Bailey   | Killed an orc warlord
  7040 | Bailey   | Reached skill level 13 in Axes
  7176 | Bailey   | Identified the amulet "Boeth" {Acrobat Drain Int+3 Slay+2
                  | Stlth+}
  7874 | D:8      | Found a shadowy altar of Dithmenos.
  8200 | D:9      | Found a transporter.
  8202 | D:9      | Found a transporter.
  8209 | D:9      | Reached skill level 15 in Axes
  8209 | D:9      | Reached XP level 11. HP: 99/99 MP: 10/10
  8243 | D:9      | Reached skill level 10 in Fighting
  8359 | D:9      | Reached skill level 10 in Ranged Weapons
  8597 | D:9      | Found a sacrificial altar of Ru.
  9109 | D:10     | Entered Level 10 of the Dungeon
  9155 | D:10     | Identified a scroll of acquirement
  9155 | D:10     | Acquired a +5 executioner's axe of flaming
  9199 | D:10     | Noticed a two-headed ogre
  9210 | D:10     | Killed a two-headed ogre
  9262 | D:10     | Found a staircase to the Lair.
  9265 | D:10     | Reached XP level 12. HP: 107/107 MP: 11/11
  9688 | Lair:1   | Entered Level 1 of the Lair of Beasts
  9738 | Lair:1   | Reached ***** piety under Trog
  9739 | Lair:1   | Reached skill level 16 in Axes
  9949 | Lair:1   | You fall into a shaft and drop 1 floor!
 10934 | Lair:2   | Found a hole to the Spider Nest.
 10976 | Lair:2   | Noticed Erica
 10980 | Lair:2   | Killed Erica
 11053 | Lair:2   | Received a gift from Trog
 11723 | Lair:3   | Reached skill level 17 in Axes
 12095 | Lair:3   | Reached XP level 13. HP: 107/116 MP: 12/12
 12308 | Lair:3   | Found a staircase to the Swamp.
 13678 | Lair:4   | Reached skill level 18 in Axes
 13679 | Lair:4   | Received a gift from Trog
 13924 | Lair:4   | Found a viscous altar of Jiyva.
 13924 | Lair:4   | Found a staircase to the Slime Pits.
 14148 | Lair:5   | Entered Level 5 of the Lair of Beasts
 14173 | Lair:5   | Found a frozen archway.
 14182 | IceCv    | Entered an ice cave
 14207 | IceCv    | Reached skill level 10 in Armour
 14684 | IceCv    | Noticed a reaper
 14697 | IceCv    | Killed a reaper
 14937 | Lair:5   | Reached XP level 14. HP: 107/127 MP: 13/13
 15431 | Lair:5   | Reached skill level 19 in Axes
 16063 | Lair:5   | Identified the amulet of the Prince {rC+ rN++ Regen+ Str+4
                  | Stlth-}
 16101 | Lair:5   | Reached skill level 15 in Ranged Weapons
 16215 | Lair:5   | Identified the +1 troll leather armour of Gravitas {+Inv
                  | Regen+ Int+2 SInv}
 17193 | D:11     | Found a staircase to the Orcish Mines.
 17205 | Orc:1    | Entered Level 1 of the Orcish Mines
 17205 | Orc:1    | Noticed Nergalle
 17212 | Orc:1    | Killed Nergalle
 17664 | Orc:2    | Entered Level 2 of the Orcish Mines
 17835 | Orc:2    | Received a gift from Trog
 17898 | Orc:2    | Noticed an orc warlord
 18051 | Orc:1    | Killed an orc warlord
 18271 | Orc:2    | Reached skill level 20 in Axes
 18271 | Orc:2    | Reached XP level 15. HP: 129/137 MP: 14/14
 18582 | Orc:2    | Found a staircase to the Elven Halls.
 18599 | Orc:2    | Found Marchuxze's Weapon Boutique.
 18645 | Orc:2    | Bought 5 boomerangs for 32 gold pieces
 18665 | Orc:2    | Received a gift from Trog
 19282 | Orc:2    | Found Riofoq's General Store.
 19283 | Orc:2    | Found Zissigee's Jewellery Boutique.
 19285 | Orc:2    | Found Apomy's Antique Armour Shop.
 19285 | Orc:2    | Found Keupse's Antique Weapon Shop.
 19378 | Orc:2    | Bought a potion of curing for 48 gold pieces
 19378 | Orc:2    | Bought a box of beasts for 640 gold pieces
 19378 | Orc:2    | Bought a wand of charming (3) for 115 gold pieces
 19378 | Orc:2    | Bought a potion of curing for 48 gold pieces
 19378 | Orc:2    | Bought a potion of cancellation for 128 gold pieces
 19379 | Orc:2    | Bought a ring of protection from fire for 325 gold pieces
 19648 | D:11     | Found Ziotsi's Magic Scroll Shop.
 19653 | D:11     | Bought a scroll of enchant weapon for 97 gold pieces
 19653 | D:11     | Bought a scroll of fog for 52 gold pieces
 19653 | D:11     | Bought a scroll of identify for 26 gold pieces
 19653 | D:11     | Bought a scroll of enchant armour for 97 gold pieces
 20156 | D:11     | Noticed a fire giant
 20166 | D:11     | Killed a fire giant
 20553 | D:11     | Noticed a tengu reaver
 20565 | D:11     | Killed a tengu reaver
 20965 | D:12     | Noticed Maurice
 20966 | D:12     | Maurice changed into Maurice the wyvern
 20966 | D:12     | Noticed Maurice
 20970 | D:12     | Killed Maurice the wyvern
 22005 | D:13     | Noticed Urug
 22013 | D:13     | Noticed Rupert
 22015 | D:13     | Noticed Nessos
 22024 | D:13     | Killed Urug
 22027 | D:13     | Killed Rupert
 22030 | D:13     | Found a gate to the Vaults.
 22036 | D:13     | Killed Nessos
 22320 | D:13     | Reached skill level 21 in Axes
 23031 | D:13     | Reached XP level 16. HP: 104/147 MP: 15/15
 23667 | D:14     | Noticed Kirke
 23676 | D:14     | Reached skill level 15 in Fighting
 23676 | D:14     | Killed Kirke
 24027 | D:15     | Entered Level 15 of the Dungeon
 24367 | D:15     | Found a staircase to the Depths.
 24530 | D:15     | Received a gift from Trog
 25215 | Spider:1 | Entered Level 1 of the Spider Nest
 25217 | Spider:1 | Noticed Donald
 25228 | Spider:1 | Killed Donald
 25229 | Spider:1 | Reached skill level 22 in Axes
 26672 | Spider:1 | Gained mutation: You have supernaturally acute eyesight.
                  | (SInv) [potion of mutation]
 26708 | Spider:1 | Noticed Aizul
 26723 | Spider:1 | Killed Aizul
 27197 | Spider:1 | Reached skill level 1 in Throwing
 27213 | Spider:2 | Reached skill level 1 in Stealth
 27414 | Spider:2 | Noticed Mlioglotl
 27462 | Spider:2 | Killed Mlioglotl
 28529 | Spider:2 | Noticed Arachne
 28534 | Spider:2 | HP: 4/143 [Arachne/staff of poison (9)]
 28866 | Spider:2 | Killed Arachne
 28867 | Spider:2 | Reached XP level 17. HP: 154/154 MP: 16/16
 29589 | Spider:3 | Reached skill level 5 in Evocations
 30412 | Spider:3 | Reached skill level 15 in Armour
 31162 | Spider:4 | Entered Level 4 of the Spider Nest
 31172 | Spider:4 | Reached skill level 5 in Dodging
 32986 | Spider:4 | Reached skill level 5 in Throwing
 36659 | Spider:4 | Reached XP level 18. HP: 124/168 MP: 17/17
 37029 | Spider:4 | Got a gossamer rune of Zot
 37431 | Swamp:1  | Entered Level 1 of the Swamp
 37440 | Swamp:1  | Reached skill level 5 in Stealth
 40629 | Swamp:1  | Noticed a tentacled monstrosity
 40638 | Swamp:1  | Killed a tentacled monstrosity
 41320 | Swamp:2  | Found a runed translucent door.
 41320 | Swamp:2  | Noticed logorrheac's ghost (adept GnWn)
 41358 | Swamp:2  | Killed logorrheac's ghost
 41659 | Swamp:2  | Received a gift from Trog
 43849 | Swamp:4  | Entered Level 4 of the Swamp
 45708 | Swamp:4  | Got a decaying rune of Zot
 45994 | Elf:1    | Entered Level 1 of the Elven Halls
 46295 | Elf:1    | Received a gift from Trog
 46352 | Elf:1    | Found a crumbling gateway.
 46360 | Desolati | Entered the Desolation of Salt
 46578 | Desolati | Reached XP level 19. HP: 139/177 MP: 18/18
 46840 | Desolati | Identified the +0 robe "Xugefibo" {Will+}
 46847 | Desolati | Identified the +4 plate armour of Wucvurr {*Corrode rC+
                  | Str+4}
 47009 | Desolati | Killed from afar by a crystal guardian

Illustrated notes

Levels and vault maps discovered:
D:1:      wheals_arrival_linesprint, layout_rooms
D:2:      layout_loops_cross, basic_ecumenical_altar, minmay_statues_item,
          uniq_natasha, uniq_sigmund, uniq_robin, uniq_jessica
D:3:      layout_rooms, trog_book, nicolae_grassy_gnolls
D:4:      due_chaos_kobolds, layout_cave_pools, overflow_temple_1_default,
          nicolae_ashenzari_skybound, amcnicky_altar_gilded, serial_shops,
          shop_statue, minmay_misc_feat_plants, kennysheep_nub
D:5:      layout_cave_pods, nicolae_uskayaw_murder_on_the_dancefloor,
          mainiacjoe_overflow_24_doors, lemuel_coloured_pillars_altar,
          serial_glass, glass_columns_b, glass_columns_a, serial_bayou_pond_e,
          uniq_menkaure, uniq_crazy_yiuf_cottage
D:6:      layout_basic, hangedman_abyss_or_decor_stabs
D:7:      layout_loops_ring, mainiacjoe_overflow_surrounded_room,
          nemelex_diamond_rough_becter, minmay_temple_entry_wispy,
          enter_ossuary_1, minmay_shop_chei, uniq_prince_ribbit1
D:8:      layout_basic, mainiacjoe_overflow_boulevard, enter_bailey_4
D:9:      gammafunk_beogh_shrine, layout_grid_maze, nicolae_ru_awakened_eye,
          corexii_leaking_fountain
D:10:     layout_gridville, due_lair_maze_entry_diamond, chequers_garden,
          minmay_stone_trees_small
D:11:     minmay_box_of_curves, layout_loops_ring, orc_0_dummy, serial_shops,
          nicolae_shop_hallway_plus, minmay_curled_crystal
D:12:     layout_loops_ring, minmay_nine_imps, uniq_maurice
D:13:     minmay_the_grid_triangle_9x9_rhombus_full
          [minmay_the_grid_triangle_9x9_minimal,
          minmay_the_grid_triangle_9x9_windchime,
          minmay_the_grid_triangle_9x9_alien,
          minmay_the_grid_triangle_9x9_empty,
          minmay_the_grid_triangle_9x9_warning,
          minmay_the_grid_triangle_9x9_semitri,
          minmay_the_grid_triangle_9x9_from_above,
          minmay_the_grid_triangle_9x9_prize_schism], layout_rooms,
          david_vaults_3, uniq_rupert
D:14:     layout_rooms, minmay_misc_feat_rows, minmay_misc_feat_more_columns,
          uniq_kirke
D:15:     hangedman_depths_entry_try_elsewhere_first, layout_irregular_city,
          minmay_misc_feat_ornament
Lair:1:   layout_cave_shapes, kennysheep_rathole
Lair:2:   layout_hall_layers, hellmonk_spider_entry_not_the_bees, uniq_erica
Lair:3:   regret_index_wax_grids, layout_gridlike,
          nicolae_swamp_entry_splash_gauntlet, serial_bayou_shore_a,
          infiniplex_staircase_pool_2
Lair:4:   layout_gridlike, slime_entry_1
Lair:5:   due_jungle_book, layout_cave_pods, portal_ice_cave_entry_pillars_1,
          lemuel_fruit_tree, grunt_megastairs_2, lemuel_fruit_fields
Swamp:1:  layout_basic_swamp, nicolae_swamp_well_well_well
Swamp:2:  layout_falls_marsh, gammafunk_ghost_grave, evilmike_swamp_ruin_house_4
Swamp:3:  layout_falls_marsh, nicolae_swamp_bean_lake, infiniplex_staircase_pool
Swamp:4:  swamp_icy, layout_basic_swamp
Spider:1: layout_spider_delve, drop_trap, uniq_donald, uniq_aizul
Spider:2: layout_spider_delve, hellmonk_narrow_tunnel, uniq_mlioglotl,
          uniq_arachne
Spider:3: layout_chambers
Spider:4: floodkiller_spider_rune_tomb, nicolae_spider_orb_run
Orc:1:    layout_caves, uniq_nergalle
Orc:2:    st_orc_congregation, layout_caves, serial_shops, nicolae_shop_stone
Elf:1:    minmay_elf_arrival_circle, layout_geoelf_diagonals,
          portal_desolation_entry_garden, minivault_28, item_on_display_a
Desolation

Skill      XL: |  1  2  3  4  5  6  7  8  9 10 11 12 13 14 15 16 17 18 19 |
---------------+----------------------------------------------------------+-----
Axes           | 4 5 6 7 8 9 10 12 15 17 18 20 21 22 | 22.1
Fighting       | 4 5 6 7 8 9 10 11 12 13 14 15 16 17 | 17.6
Ranged Weapons | 3 6 8 9 10 12 14 15 17 18 | 18.0
Armour         | 6 7 8 10 11 12 14 16 17 18 | 18.1
Evocations     | 3 4 6 7 8 |  8.0
Throwing       | 2 5 7 |  7.4
Stealth        | 2 4 6 |  6.7
Dodging        | 3 6 8 |  8.7

Action                   |  1- 3 |  4- 6 |  7- 9 | 10-12 | 13-15 | 16-18 | 19-21 || total
-------------------------+-------+-------+-------+-------+-------+-------+-------++-------
Melee: Hand axe          |    68 |   101 |       |       |       |       |       ||   169
       Headbutt          |     6 |    17 |    31 |    57 |   177 |   187 |    22 ||   497
       Punch             |       |     3 |     2 |     1 |       |       |       ||     6
       War axe           |       |     6 |   207 |    11 |       |       |       ||   224
       Broad axe         |       |       |       |   119 |       |       |       ||   119
       Executioner's axe |       |       |       |   181 |   784 |   799 |    66 ||  1830
 Fire: Sling             |       |       |    29 |       |       |       |       ||    29
       Shortbow          |       |       |    45 |    39 |    16 |       |       ||   100
       Longbow           |       |       |       |       |    83 |       |       ||    83
       Arbalest          |       |       |       |       |   104 |   546 |    10 ||   660
Throw: Stone             |     1 |       |     1 |       |       |       |       ||     2
       Boomerang         |       |       |       |       |    11 |    64 |       ||    75
       Javelin           |       |       |       |       |       |     1 |       ||     1
Invok: Berserk           |       |     2 |    10 |     3 |     9 |    12 |       ||    36
       Trog's Hand       |       |     1 |    10 |    13 |    37 |    31 |     3 ||    95
       Brothers in Arms  |       |       |       |       |     2 |       |     1 ||     3
Evoke: Wand              |       |       |     2 |     3 |     5 |    15 |       ||    25
       Condenser vane    |       |       |       |       |     2 |     2 |       ||     4
       Phial of floods   |       |       |       |       |       |     1 |       ||     1
       Tin of tremorston |       |       |       |       |       |     2 |       ||     2
       Box of beasts     |       |       |       |       |       |     1 |       ||     1
  Use: Potion            |       |     1 |       |     3 |     2 |    10 |     2 ||    18
       Scroll            |       |       |     9 |    15 |    10 |    23 |     1 ||    58
 Stab: Sleeping          |     1 |       |       |       |       |       |       ||     1
       Petrified         |       |       |       |       |     3 |       |       ||     3
       Distracted        |       |       |       |       |       |     2 |       ||     2
Armor: Animal skin       |     9 |       |       |       |       |       |       ||     9
       Scale mail        |     6 |    39 |   131 |    12 |       |       |       ||   188
       Crystal plate arm |       |       |       |   250 |   743 |  1239 |    52 ||  2284
Dodge: Dodged            |    42 |    49 |   132 |   149 |   320 |   593 |    60 ||  1345

Table legend: (Time is in decaauts)
 A = Elapsed time spent in this place.
 B = Non-inter-level travel time spent in this place.
 C = Inter-level travel time spent in this place.
 D = Time resting spent in this place.
 E = Time spent auto-exploring this place.
 F = Levels seen in this place.
 G = Mean time per level.
                   A        B        C        D        E       F      G
               +--------+--------+--------+--------+--------+-----+--------+
         Total |  47534 |  45959 |   1575 |  18708 |  18939 |  35 | 1358.1 |
       Dungeon |  14861 |  13996 |    865 |   2625 |   8694 |  15 |  990.7 |
          Lair |   6748 |   6390 |    358 |    420 |   4680 |   5 | 1349.6 |
         Swamp |   8439 |   8338 |    101 |   5488 |   1879 |   4 | 2109.8 |
   Spider Nest |  12388 |  12271 |    117 |   8065 |   2407 |   4 | 3097.0 |
  Orcish Mines |   2361 |   2227 |    134 |    865 |    867 |   2 | 1180.5 |
   Elven Halls |    361 |    361 |      0 |    176 |      4 |   1 |  361.0 |
       Ossuary |    257 |    257 |      0 |      0 |    149 |   1 |  257.0 |
        Bailey |    729 |    729 |      0 |    362 |    100 |   1 |  729.0 |
      Ice Cave |    752 |    752 |      0 |    333 |    140 |   1 |  752.0 |
    Desolation |    635 |    635 |      0 |    371 |     18 |   1 |  635.0 |
               +--------+--------+--------+--------+--------+-----+--------+

Top non-repeatable levels by time:
Spider:4: 6115 daAuts
 Swamp:1: 3736 daAuts
Spider:1: 2811 daAuts
  Lair:5: 2006 daAuts
 Swamp:3: 1980 daAuts
    D:11: 1956 daAuts
 Swamp:4: 1931 daAuts
Spider:3: 1843 daAuts
  Lair:3: 1769 daAuts
Spider:2: 1618 daAuts
    D:13: 1361 daAuts
   Orc:2: 1318 daAuts
     D:5: 1258 daAuts
  Lair:2: 1180 daAuts
     D:4: 1124 daAuts
